 Dungeon Crawl Stone Soup version 0.28-a0-628-g3c9886e45e (webtiles) character file.

Game seed: 5841541421902766171

25 mordus the Poker (level 3, -2/31 HPs)
             Began as a Hill Orc Monk on Oct 8, 2021.
             Slain by Sigmund (6 damage)
             ... on level 2 of the Dungeon.
             The game lasted 00:01:31 (738 turns).

mordus the Poker (Hill Orc Monk)                     Turns: 738, Time: 00:01:31

Health: -2/31      AC:  7    Str: 14    XL:     3   Next: 4%
Magic:  3/3        EV: 12    Int: 10    God:
Gold:   26         SH:  0    Dex: 13    Spells: 2/2 levels left

rFire   . . .      SeeInvis .   a - +0 spear
rCold   . . .      Faith    +   (no shield)
rNeg    . . .      Spirit   .   b - +0 robe
rPois   .          Reflect  .   (no helmet)
rElec   .          Harm     .   (no cloak)
rCorr   .          Rampage  .   c - +0 pair of gloves
Will    .....                   (no boots)
Stlth   +.........              f - amulet of faith
HPRegen 0.10/turn               h - +4 ring of protection
MPRegen 0.08/turn               (no ring)

@: confused
A: no striking features
a: no special abilities


You were on level 2 of the Dungeon.
You visited 1 branch of the dungeon, and saw 2 of its levels.

You collected 26 gold pieces.

Inventory:

Hand Weapons
 a - a +0 spear (weapon)
Armour
 b - a +0 robe (worn)
 c - a +0 pair of gloves (worn)
Jewellery
 f - an amulet of faith (around neck)
 h - a +4 ring of protection (left hand)
Scrolls
 d - a scroll of immolation {unknown}
Potions
 e - a potion of berserk rage {unknown}
 g - a potion of haste {unknown}


   Skills:
 - Level 3.6 Fighting
 * Level 4.2 Polearms
 + Level 1.3 Armour
 - Level 2.4 Dodging
 - Level 1.5 Stealth


You had 2 spell levels left.
You didn't know any spells.
Your spell library contained the following spells:

 Spells                   Type           Power      Damage    Failure   Level
 Scorch                   Fire           0%         2d5       50%         2
 Conjure Flame            Conj/Fire      0%         6-21      75%         3


Dungeon Overview and Level Annotations

Branches:
Dungeon (2/15)

Altars:

Shops:
D:1 :

Annotations:
D:2 Sigmund


Message History

You kill the quokka!
Sigmund closely misses you.
You reach to attack!
You hit Sigmund.
Sigmund is lightly wounded.
Sigmund gestures at you while chanting. The puff of flame hits you.
You reach to attack!
You hit Sigmund but do no damage.
Sigmund is lightly wounded.
Sigmund barely misses you.
You closely miss Sigmund.
Sigmund is lightly wounded.
Sigmund misses you.
You hit Sigmund but do no damage.
Sigmund is lightly wounded.
You hit Sigmund.
Sigmund is lightly wounded.
Sigmund hits you with a +0 scythe!
You closely miss Sigmund.
Sigmund is lightly wounded.
Sigmund hits you with a +0 scythe!
You hit Sigmund but do no damage.
Sigmund is lightly wounded.
You hit Sigmund.
Sigmund is moderately wounded.
Sigmund hits you with a +0 scythe!
* * * LOW HITPOINT WARNING * * *
You closely miss Sigmund.
Sigmund is moderately wounded.
You hit Sigmund.
Sigmund is moderately wounded.
Sigmund closely misses you.
You closely miss Sigmund.
Sigmund is moderately wounded.
You hit Sigmund.
Sigmund is moderately wounded.
Sigmund gestures at you while chanting.
You are confused.
Sigmund closely misses you. Sigmund hits you with a +0 scythe.
You die...

#.........#
+....<....#
#.........#
#...........# #
###.........#
.##
#.........##..#
#..........>#
#########.@.#..#
#@.....#
#.......#
#.......#
###......#
....#.# #......
..... .....


You could see Sigmund.

Vanquished Creatures
  A dart slug (D:1)
  3 ball pythons (D:1)
  3 bats (D:1)
  An endoplasm (D:1)
  A giant cockroach (D:1)
  A goblin (D:1)
  2 hobgoblins (D:1)
  A quokka (D:2)
  A frilled lizard (D:1)
  2 kobolds (D:1)
  6 rats (D:1)
22 creatures vanquished.

Notes
Turn   | Place    | Note
-------+----------+-------------------------------------------
     0 | D:1      | mordus the Hill Orc Monk began the quest for the Orb.
     0 | D:1      | Reached XP level 1. HP: 19/19 MP: 1/1
    11 | D:1      | Found a faded altar of an unknown god.
   210 | D:1      | Reached XP level 2. HP: 22/26 MP: 2/2
   341 | D:1      | Reached skill level 1 in Armour
   473 | D:1      | Found Ziclytwi's Book Boutique.
   478 | D:1      | Reached skill level 4 in Polearms
   486 | D:1      | Got the Reference Book on Fire
   689 | D:1      | Reached XP level 3. HP: 31/31 MP: 3/3
   718 | D:2      | Noticed Sigmund
   738 | D:2      | Slain by Sigmund

Illustrated notes

Levels and vault maps discovered:
D:1:      erik_arrival_blinker_ship, layout_rooms, serial_shops,
          nicolae_shop_crystal, ebering_ecumenical_altar_mist,
          roderic_serpentine_path
D:2:      layout_basic, grunt_decor_resistance, uniq_robin,
          uniq_crazy_yiuf_cottage, uniq_sigmund

Skill      XL: |  1  2 |
---------------+-------+-----
Armour         | 1 |  1.3
Polearms       | 4 |  4.2
Fighting       | |  3.6
Dodging        | |  2.4
Stealth        | |  1.5

Action                   || total
-------------------------++-------
Melee: Spear             ||    81
 Stab: Sleeping          ||     4
Armor: Robe              ||    12
Dodge: Dodged            ||    34

Table legend: (Time is in decaauts)
 A = Elapsed time spent in this place.
 B = Non-inter-level travel time spent in this place.
 C = Inter-level travel time spent in this place.
 D = Time resting spent in this place.
 E = Time spent auto-exploring this place.
 F = Levels seen in this place.
 G = Mean time per level.
                   A        B        C        D        E       F      G
               +--------+--------+--------+--------+--------+-----+--------+
         Total |    729 |    714 |     15 |    154 |    409 |   2 |  364.5 |
       Dungeon |    729 |    714 |     15 |    154 |    409 |   2 |  364.5 |
               +--------+--------+--------+--------+--------+-----+--------+

Top non-repeatable levels by time:
     D:1: 708 daAuts
     D:2: 21 daAuts
